 Dungeon Crawl Stone Soup version 0.27.1-34-g3ba077fa99 (webtiles) character file.

Game seed: 12884270811492231592

177 vvl the Insei (level 5, 0/42 HPs)
             Began as a Draconian Transmuter on Jan 26, 2022.
             Succumbed to a gnoll's poison
             ... on level 4 of the Dungeon.
             The game lasted 00:06:31 (4307 turns).

vvl the Insei (Draconian Transmuter)                Turns: 4307, Time: 00:06:32

Health: 0/42       AC:  5    Str: 18    XL:     5   Next: 30%
Magic:  9/9        EV: 12    Int: 14    God:
Gold:   145        SH:  0    Dex: 12    Spells: 8/9 levels left

rFire    . . .     SeeInvis .   h - +0 whip (venom)
rCold    . . .     Faith    .   (no shield)
rNeg     . . .     Spirit   .   (armour unavailable)
rPois    .         Reflect  .   (helmet currently unavailable)
rElec    .         Harm     .   (no cloak)
rCorr    .         Rampage  .   (no gloves)
Will     +....                  (boots currently unavailable)
Stlth    +.........             (no amulet)
HPRegen  0.14/turn              e - +6 ring of strength
MPRegen  0.11/turn              k - ring of willpower

@: lethally poisoned (0 -> -38), appendages, hasted, very quick
A: horns 2, talons 2, AC +5, unfitting armour, cold-blooded
a: End Transformation


You were on level 4 of the Dungeon.
You had temporarily grown beastly horns and talons.
You visited 1 branch of the dungeon, and saw 4 of its levels.

You collected 145 gold pieces.

Inventory:

Hand Weapons
 h - a +0 whip of venom (weapon)
Missiles
 l - 3 throwing nets
Jewellery
 e - a +6 ring of strength (left hand)
 k - a ring of willpower (right hand)
Scrolls
 a - 3 scrolls of identify {unknown}
 b - a scroll of fear {unknown}
 d - a scroll of immolation {unknown}
 f - a scroll of magic mapping {unknown}
 g - a scroll of silence {unknown}
 i - a scroll of enchant armour {unknown}


   Skills:
 + Level 2.7 Fighting
 + Level 2.6 Dodging
 + Level 3.7 Unarmed Combat
 + Level 2.8 Spellcasting
 + Level 1.0 Conjurations
 + Level 2.8 Transmutations


You had 8 spell levels left.
You knew the following spells:

 Your Spells              Type           Power      Damage    Failure   Level
a - Beastly Appendage     Tmut           20%        N/A       7%          1

Your spell library contained the following spells:

 Spells                   Type           Power      Damage    Failure   Level
 Wereblood                Tmut           10%        N/A       10%         2
 Spider Form              Tmut/Pois      3%         N/A       36%         3
 Ice Form                 Ice/Tmut       6%         N/A       77%         4


Dungeon Overview and Level Annotations

Branches:
Dungeon (4/15)
 Temple: D:4-7

Altars:
Uskayaw


Innate Abilities, Weirdness & Mutations

You have temporarily grown beastly horns and talons.
Your plain brown scales are hard. (AC +5)
You cannot fit into any form of body armour.
You are cold-blooded and may be slowed by cold attacks.


Message History

l - 3 throwing nets (gained 1) Magic restored.
There is a stone staircase leading down here.
You start resting.
Your horns disappear.
Your talons disappear.
You start resting.
HP restored.
You start waiting.
Done waiting.
You start waiting.
Done waiting.
You grow a pair of large bovine horns.
Your feet morph into talons.
You climb downwards.
You hear the sound of rushing water.
There is an entrance to a sewer on this level.
Hurry and find it before the portal rusts away!
The walls and floor vibrate strangely for a moment.
There is a stone staircase leading up, spattered with blood here.
The gnoll barely misses you. The gnoll barely misses you.
You hit the gnoll but do no damage.
The gnoll is poisoned.
Your headbutt misses the gnoll.
You tail-slap the gnoll, but do no damage.
The gnoll hits you with a +1 halberd of venom!
You are poisoned.
You hit the gnoll but do no damage. You headbutt the gnoll.
Your tail-slap misses the gnoll.
The gnoll is heavily wounded.
You feel very sick.
The gnoll hits you with a +1 halberd of venom!
You are lethally poisoned!
You barely miss the gnoll. Your headbutt misses the gnoll.
You tail-slap the gnoll, but do no damage.
The gnoll is heavily wounded.
* * * LOW HITPOINT WARNING * * *
You feel extremely sick.
The gnoll hits you with a +1 halberd of venom.
* * * LOW HITPOINT WARNING * * *
You are more poisoned.
It was a potion of haste.
You feel yourself speed up.
You die...

##........##........
###....##.......#
###.....###.....##.#
#......## ##.......#
####..#### #.........
##.##..### ##.........
#...##...####........#.
#....g......#........#
##....@...............#
#..##...<..............
###..#...................
##.#..##............^.....
#...J.#..................
#..g.####................
##..## ###.............
#..g.## ..........<..
##....# ###.......


You could see a gnoll (very poisoned).

Vanquished Creatures
  An orc wizard (D:3)
  5 adders
  2 gnolls (D:3)
  2 worms (D:2)
  5 dart slugs
  5 orcs (D:3)
  8 endoplasms
  2 giant cockroaches (D:1)
  5 goblins
  4 hobgoblins
  A jackal (D:1)
  2 quokkas
  9 ball pythons
  5 bats
  7 frilled lizards
  4 kobolds
  4 rats
71 creatures vanquished.

Vanquished Creatures (others)
  2 fungi (D:3)
  7 plants (D:3)
9 creatures vanquished.

Grand Total: 80 creatures vanquished

Notes
Turn   | Place    | Note
-------+----------+-------------------------------------------
     0 | D:1      | vvl the Draconian Transmuter began the quest for the Orb.
     0 | D:1      | Reached XP level 1. HP: 16/16 MP: 3/3
   615 | D:1      | Reached XP level 2. HP: 9/23 MP: 3/5
  1293 | D:2      | Reached XP level 3. HP: 22/29 MP: 4/6
  1824 | D:2      | Reached XP level 4. HP: 35/36 MP: 5/7
  2785 | D:3      | Found a faded altar of an unknown god.
  2798 | D:3      | Reached XP level 5. HP: 34/42 MP: 9/9
  3134 | D:3      | Found a hide-covered altar of Uskayaw.
  3852 | D:3      | HP: 2/42 [gnoll (6)]
  3865 | D:3      | Reached skill level 1 in Conjurations
  4307 | D:4      | Succumbed to a gnoll's poison

Illustrated notes

Levels and vault maps discovered:
D:1:      dpeg_arrival_short_road, layout_basic, grunt_decor_clamped,
          minmay_pentomino_z4
D:2:      layout_rooms, small_statue_intersection,
          chequers_serial_rivers_small_3, minmay_misc_feat_room
D:3:      layout_basic, nicolae_uskayaw_suspiria,
          shapermc_ecumenical_altar_mp_ritualfount, interstate_on_off
D:4:      layout_cave_pools, portal_sewer_entry_b, minmay_manual_maat

Skill      XL: |  1  2  3  4  5 |
---------------+----------------+-----
Dodging        | 2 |  2.6
Fighting       | 2 |  2.7
Conjurations   | 1 |  1.0
Unarmed Combat | |  3.7
Spellcasting   | |  2.8
Transmutations | |  2.8

Action                   |  1- 3 |  4- 6 || total
-------------------------+-------+-------++-------
Melee: Unarmed           |    72 |       ||    72
       Kick              |    20 |    11 ||    31
       Headbutt          |     9 |    10 ||    19
       Tailslap          |     8 |     5 ||    13
       Punch             |     1 |     1 ||     2
       Whip              |    37 |    63 ||   100
 Cast: Beastly Appendage |    23 |    21 ||    44
  Use: Potion            |       |     4 ||     4
Armor: Skin              |    41 |    17 ||    58
Dodge: Dodged            |    82 |    39 ||   121
